 Dungeon Crawl Stone Soup version 0.27.1-33-g824d729ab1 (webtiles) character file.

Game seed: 8975604437555778355

175 pkoi the Ruffian (level 5, -1/41 HPs)
             Began as a Draconian Warper on Dec 20, 2021.
             Slain by Grinder (6 damage)
             ... on level 3 of the Dungeon.
             The game lasted 00:02:59 (3547 turns).

pkoi the Ruffian (Draconian Warper)                 Turns: 3547, Time: 00:03:00

Health: -1/41      AC:  6    Str: 13    XL:     5   Next: 29%
Magic:  8/8        EV: 12    Int: 15    God:
Gold:   74         SH:  0    Dex: 16    Spells: 8/8 levels left

rFire    . . .     SeeInvis .     - Unarmed
rCold    . . .     Faith    .   (no shield)
rNeg     . . .     Spirit   .   (armour unavailable)
rPois    +         Reflect  .   (helmet restricted)
rElec    .         Harm     .   (no cloak)
rCorr    .         Rampage  .   k - +0 pair of gloves
Will     .....                  (no boots)
Stlth    +.........             f - amulet of magic regeneration
HPRegen  0.13/turn              i - ring of poison resistance
MPRegen  0.36/turn              m - +6 ring of dexterity

@: no status effects
A: AC +5, unfitting armour, cold-blooded
a: no special abilities


You were on level 3 of the Dungeon.
You visited 1 branch of the dungeon, and saw 3 of its levels.

You collected 74 gold pieces.

Inventory:

Hand Weapons
 c - a +0 dagger
Missiles
 b - 5 boomerangs of dispersal (quivered)
 o - 4 curare-tipped darts
Armour
 k - a +0 pair of gloves (worn)
Jewellery
 f - an amulet of magic regeneration (around neck)
 i - a ring of poison resistance (left hand)
 m - a +6 ring of dexterity (right hand)
Scrolls
 a - a scroll of blinking
 e - 2 scrolls of amnesia {unknown}
 g - a scroll of identify {unknown}
 h - a scroll of teleportation {unknown}
 j - 3 scrolls of enchant weapon {unknown}
 p - a scroll of magic mapping {unknown}
 r - a scroll of fear {unknown}
Potions
 d - 3 potions of magic {unknown}
 l - a potion of heal wounds {unknown}
 n - a potion of lignification {unknown}
 q - a potion of flight {unknown}


   Skills:
 - Level 2.1 Fighting
 - Level 0.8 Throwing
 - Level 2.1 Dodging
 + Level 5.6 Unarmed Combat
 - Level 2.0 Spellcasting
 - Level 3.0 Translocations


You had 8 spell levels left.
You didn't know any spells.
Your spell library contained the following spells:

 Spells                   Type           Power      Damage    Failure   Level
 Blink                    Tloc           N/A        N/A       10%         2
 Gell's Gravitas          Tloc           5%         N/A       19%         3
 Lesser Beckoning         Tloc           5%         N/A       19%         3
 Teleport Other           Tloc           10%        N/A       19%         3
 Passwall                 Tmut/Erth      0%         N/A       32%         2
 Sublimation of Blood     Necr           0%         N/A       32%         2
 Swiftness                Air            1%         N/A       54%         3
 Manifold Assault         Tloc           10%        N/A       87%         5
 Petrify                  Tmut/Erth      1%         N/A       91%         4
 Irradiate                Conj/Tmut      0%         3d14      99%         5
 Invisibility             Hex            0%         N/A       100%        6


Dungeon Overview and Level Annotations

Branches:
Dungeon (3/15)

Altars:
Ru

Annotations:
D:3 Grinder


Innate Abilities, Weirdness & Mutations

Your plain brown scales are hard. (AC +5)
You cannot fit into any form of body armour.
You are cold-blooded and may be slowed by cold attacks.


Message History

You hit Grinder.
You tail-slap Grinder, but do no damage.
Grinder is heavily wounded.
Grinder hits you.
* * * LOW HITPOINT WARNING * * *
You closely miss Grinder.
Grinder is heavily wounded.
Grinder says, "FISH!"
Grinder blinks!
You completely miss Grinder.
Grinder is heavily wounded.
Grinder closely misses you.
You hit Grinder.
Grinder is severely wounded.
Grinder hits you.
* * * LOW HITPOINT WARNING * * *
You completely miss Grinder.
Grinder is severely wounded.
Grinder gestures at you. You resist with significant effort.
You hit Grinder.
Grinder is severely wounded.
You hit Grinder.
Your tail-slap misses Grinder.
Grinder is almost dead.
Grinder gestures at you.
You suddenly lose the ability to move!
Grinder hits you.
* * * LOW HITPOINT WARNING * * *
Grinder completely misses you.
Grinder says, "DUCK!"
Grinder barely misses you.
You can move again.
Unknown command.
Unknown command.
You hit Grinder.
Grinder is almost dead.
Grinder hits you!
* * * LOW HITPOINT WARNING * * *
You writhe in agony.
You die...

##### # .... #.# ###..#
####...# ##.....##.5..#
#........@# ..####.###
.# #..# .# ###.#######
##.# #)......... ##..#
#..........
######..#####..........
.......................
###.#########..........


You could see Grinder.

Vanquished Creatures
  Robin (D:1)
  4 gnolls
  3 adders
  An adder skeleton (D:2)
  2 worms
  2 dart slugs (D:1)
  5 endoplasms
  3 giant cockroaches
  10 goblins
  11 hobgoblins
  6 jackals
  4 kobolds (D:1)
  6 quokkas
  7 ball pythons
  6 bats
  4 frilled lizards
  5 rats
80 creatures vanquished.

Vanquished Creatures (others)
  A plant (D:1)
1 creature vanquished.

Grand Total: 81 creatures vanquished

Notes
Turn   | Place    | Note
-------+----------+-------------------------------------------
     0 | D:1      | pkoi the Draconian Warper began the quest for the Orb.
     0 | D:1      | Reached XP level 1. HP: 17/17 MP: 3/3
   262 | D:1      | Reached XP level 2. HP: 2/24 MP: 5/5
   407 | D:1      | Reached skill level 3 in Unarmed Combat
   858 | D:1      | Reached XP level 3. HP: 29/29 MP: 6/6
  1283 | D:1      | Reached skill level 4 in Unarmed Combat
  1468 | D:2      | Reached XP level 4. HP: 9/36 MP: 7/7
  2265 | D:2      | Noticed Robin
  2707 | D:1      | Killed Robin
  2708 | D:1      | Reached skill level 5 in Unarmed Combat
  2854 | D:2      | Reached XP level 5. HP: 27/41 MP: 8/8
  3410 | D:3      | Found a sacrificial altar of Ru.
  3527 | D:3      | Noticed Grinder
  3543 | D:3      | Paralysed by Grinder for 3 turns
  3547 | D:3      | Slain by Grinder

Illustrated notes

Levels and vault maps discovered:
D:1:      roderic_crop_circles_arrival_small, layout_basic
D:2:      layout_rooms, uniq_robin
D:3:      layout_rooms, hangedman_ru_absence, uniq_grinder

Skill      XL: |  1  2  3  4 |
---------------+-------------+-----
Unarmed Combat | 3 4 5 |  5.6
Fighting       | |  2.1
Throwing       | |  0.8
Dodging        | |  2.1
Spellcasting   | |  2.0
Translocations | |  3.0

Action                   |  1- 3 |  4- 6 || total
-------------------------+-------+-------++-------
Melee: Unarmed           |   133 |   190 ||   323
       Tailslap          |    14 |    18 ||    32
       Punch             |       |     3 ||     3
  Use: Potion            |       |     1 ||     1
 Stab: Invisible         |       |     1 ||     1
Armor: Skin              |    46 |    62 ||   108
Dodge: Dodged            |    99 |   149 ||   248
